Map: Port Aleksander LE

Players

Reynor - Winner!

  • Race: Zerg Zerg
  • Spawn Location: 5:00

Kas

  • Race: Terran Terran
  • Spawn Location: 11:00

Event: 2019 WCS Spring

VOD

Have the link to the VOD?

Description

Time

  • Played on: May 17, 2019, 3:10 p.m.
  • Length: 12:30

All games in this series

Show
View Real Time Build Order
Export as new Build Order

Reynor Zerg - Winner!

Build Orders: Hatch First, Muta Ling Bane 

Get SALT Encoding   

  12  0:01  Drone  
  13  0:12  Overlord  
  13  0:18  Drone  
  14  0:31  Drone x2  
  16  0:49  Hatchery  
  15  0:52  Drone  
  15  0:56  Drone  
  17  1:00  Drone  
  18  1:10  Extractor  
  17  1:15  Spawning Pool  
  17  1:18  Drone  
  17  1:21  Drone  
  18  1:28  Drone  
  19  1:39  Drone  
  20  1:49  Drone  
  21  2:02  Zergling x4  
  21  2:03  Queen x2  
  27  2:14  Overlord  
  27  2:22  Hatchery  
  26  2:24  Drone  
  26  2:27  Drone  
  28  2:33  Drone x2  
  28  2:36  Drone  
  31  2:44  Metabolic Boost  
  31  2:46  Drone x2  
  33  2:53  Queen  
  33  2:57  Overlord  
  35  3:01  Drone  
  36  3:10  Overlord  
  36  3:15  Drone  
  36  3:16  Drone  
  36  3:17  Drone x3  
  41  3:25  Drone  
  42  3:28  Drone  
  42  3:29  Queen  
  42  3:33  Drone x2  
  47  3:38  Drone  
  47  3:39  Queen  
  50  3:44  Overlord  
  50  3:45  Drone, Baneling Nest  
  50  3:48  Drone  
  50  3:49  Drone  
  50  3:53  Zergling x4  
  55  3:55  Drone  
  55  3:57  Drone  
  55  4:00  Overlord  
  56  4:02  Drone  
  56  4:03  Drone  
  56  4:04  Drone  
  56  4:08  Extractor  
  56  4:09  Extractor  
  56  4:11  Lair  
  56  4:12  Zergling x2  
  56  4:15  Overlord  
  57  4:20  Zergling x6  
  57  4:22  Drone x2  
  57  4:24  Drone x2  
  63  4:27  Drone  
  63  4:28  Baneling  
  63  4:30  Baneling  
  63  4:31  Drone  
  66  4:36  Queen  
  66  4:37  Drone x2  
  69  4:45  Overlord  
  69  4:47  Drone x3  
  69  4:48  Drone  
  73  4:55  Overlord  
  73  5:00  Evolution Chamber, Overlord  
  73  5:02  Evolution Chamber  
  73  5:07  Zergling x4  
  73  5:08  Drone x5  
  73  5:09  Drone x2  
  73  5:12  Overseer  
  80  5:14  Centrifical Hooks  
  80  5:15  Overlord  
  80  5:17  Overseer  
  80  5:19  Spore Crawler  
  79  5:21  Drone x2  
  79  5:22  Drone  
  79  5:28  Overlord  
  80  5:36  Drone x6  
  80  5:41  Zerg Melee Weapons Level 1, Zerg Ground Armor Level 1  
  84  5:48  Zergling x8  
  85  5:53  Extractor x2  
  83  5:59  Hatchery  
  83  6:02  Overlord  
  83  6:03  Drone x8  
  90  6:04  Extractor  
  90  6:06  Spore Crawler  
  88  6:14  Spore Crawler, Drone x4  
  88  6:15  Spire  
  90  6:28  Zergling x4  
  90  6:29  Zergling x12  
  90  6:31  Overlord  
  98  6:38  Overlord  
  98  6:39  Queen  
  99  6:48  Drone  
  99  6:54  Overlord, Drone x7  
  98  6:57  Drone x3  
  108  7:02  Overlord  
  107  7:15  Zergling x16  
  107  7:26  Overlord  
  107  7:27  Drone x6  
  113  7:36  Zerg Ground Armor Level 2, Zerg Melee Weapons Level 2  
  113  7:38  Mutalisk x4  
  113  7:42  Mutalisk  
  113  7:43  Mutalisk x5  
  133  7:48  Pneumatized Carapace  
  133  7:49  Drone x2  
  135  7:51  Hatchery, Extractor  
  135  7:53  Zergling x10  
  135  7:56  Infestation Pit  
  135  7:58  Overlord  
  137  7:59  Drone  
  137  8:03  Baneling x6  
  138  8:07  Zergling x10  
  138  8:09  Mutalisk  
  138  8:12  Zergling x14  
  152  8:19  Overlord  
  152  8:22  Mutalisk x2  
  152  8:25  Zergling x8  
  152  8:27  Overlord  
  160  8:32  Overlord  
  160  8:33  Hive  
  158  8:41  Zerg Flyer Weapons Level 1  
  158  8:42  Drone x5  
  158  8:44  Extractor  
  159  8:49  Zergling x8  
  159  8:50  Zergling x18  
  172  8:58  Overlord  
  172  8:59  Mutalisk x2  
  174  9:03  Baneling x9  
  174  9:09  Drone x2  
  182  9:10  Drone x7  
  183  9:19  Overseer  
  180  9:25  Spine Crawler  
  179  9:32  Baneling x8  
  179  9:33  Baneling x5  
  179  9:37  Spore Crawler  
  178  9:40  Zergling x2  
  178  9:41  Zergling x38  
  178  9:43  Overlord  
  178  9:44  Baneling  
  178  9:45  Baneling x12  
  198  9:53  Ultralisk Cavern, Drone  
  198  10:00  Overlord  
  198  10:06  Adrenal Glands  
  191  10:15  Zergling x22  
  188  10:23  Extractor  
  188  10:26  Zergling x24  
  196  10:35  Zergling x16  
  180  10:38  Zergling x6  
  180  10:40  Baneling x5  
  180  10:41  Baneling x3  
  160  10:43  Zergling x10  
  160  10:44  Baneling x2  
  160  10:45  Baneling x10  
  162  10:53  Chitinous Plating  
  162  10:55  Ultralisk, Zergling x14  
  175  11:05  Baneling x9  
  175  11:11  Hatchery  
  172  11:12  Zergling x14  
  171  11:35  Ultralisk x3, Zergling x14  
  171  11:38  Zergling x6  
  182  11:52  Zergling x8  
  198  12:00  Zergling x2  
  187  12:09  Zergling x18  
  187  12:10  Zergling x10  
  187  12:15  Overseer  
Show
View Real Time Build Order
Export as new Build Order

Kas Terran 

Build Orders: Gas First Reaper Expand, Hellion Banshee, Mech 

Get SALT Encoding   

  12  0:00  SCV  
  13  0:13  SCV  
  14  0:18  Supply Depot  
  14  0:25  SCV  
  15  0:30  Refinery  
  15  0:39  SCV  
  16  0:45  Barracks  
  16  0:51  SCV  
  17  1:03  SCV  
  18  1:15  SCV  
  19  1:31  Orbital Command  
  19  1:32  Reaper  
  20  1:44  Command Center  
  20  1:56  Factory  
  20  1:59  SCV  
  21  2:09  Barracks Reactor  
  21  2:12  SCV  
  21  2:15  Supply Depot  
  22  2:19  Refinery  
  22  2:24  SCV  
  23  2:41  SCV  
  24  2:45  Starport  
  24  2:50  Hellion x2  
  28  2:53  SCV  
  29  3:05  Orbital Command  
  29  3:06  Barracks Tech Lab  
  29  3:12  Hellion  
  30  3:16  Hellion  
  30  3:17  SCV  
  33  3:28  Viking  
  33  3:30  SCV  
  33  3:32  SCV  
  37  3:42  SCV  
  37  3:44  SCV  
  37  3:46  Supply Depot  
  39  3:48  Cloaking Field  
  39  3:50  Barracks Tech Lab  
  39  3:54  SCV  
  40  3:56  SCV  
  40  3:57  Hellion  
  40  3:59  Hellion  
  45  4:07  Banshee  
  48  4:13  SCV  
  48  4:15  SCV  
  48  4:16  Supply Depot  
  50  4:25  SCV, Marine x2  
  53  4:32  SCV  
  53  4:37  Siege Tank  
  57  4:41  Command Center  
  57  4:45  SCV, Supply Depot  
  58  4:46  Supply Depot  
  58  4:49  SCV  
  58  4:52  Banshee  
  62  5:00  Refinery  
  62  5:03  Refinery  
  62  5:06  Marine x2  
  65  5:07  SCV x2  
  66  5:18  Supply Depot  
  66  5:19  SCV x2  
  68  5:22  Factory  
  68  5:25  Factory  
  68  5:31  SCV  
  68  5:32  SCV  
  70  5:43  SCV  
  70  5:44  SCV  
  66  5:55  SCV  
  66  5:56  SCV, Hellion  
  66  5:57  Hellion  
  71  5:58  Orbital Command  
  71  6:02  Supply Depot  
  70  6:07  SCV  
  71  6:13  SCV  
  71  6:16  Cyclone  
  71  6:17  Factory  
  75  6:18  Barracks Reactor  
  75  6:19  Factory  
  75  6:20  SCV  
  75  6:22  Cyclone  
  75  6:25  SCV, Hellion x2  
  84  6:29  Orbital Command  
  84  6:30  Supply Depot  
  84  6:31  Supply Depot  
  84  6:32  SCV  
  85  6:33  Armory  
  85  6:37  SCV  
  85  6:38  Infernal Pre-Igniter  
  86  6:44  SCV  
  87  6:49  SCV, Cyclone  
  91  6:55  SCV, Cyclone, Engineering Bay  
  91  6:57  SCV  
  91  6:58  Widow Mine x2  
  100  7:01  SCV  
  102  7:08  SCV  
  102  7:10  Supply Depot  
  102  7:20  Factory Tech Lab  
  102  7:21  Cyclone  
  102  7:22  Widow Mine x2  
  103  7:26  Missile Turret  
  103  7:27  Cyclone  
  103  7:28  Missile Turret  
  106  7:30  Refinery  
  106  7:31  Refinery  
  106  7:32  Missile Turret  
  106  7:34  Supply Depot  
  106  7:35  Command Center  
  106  7:36  SCV x3  
  109  7:38  Supply Depot  
  109  7:41  Cyclone  
  112  7:44  Terran Vehicle And Ship Armor Level 1  
  112  7:48  SCV x3  
  115  7:53  Cyclone  
  115  7:56  Missile Turret  
  120  7:58  Hellion  
  120  8:00  SCV x2  
  122  8:06  SCV  
  122  8:08  Supply Depot  
  122  8:11  Cyclone  
  122  8:12  SCV x2  
  128  8:17  Supply Depot  
  128  8:18  SCV, Supply Depot  
  128  8:19  Mag-Field Accelerator  
  129  8:22  Drilling Claws  
  128  8:28  Cyclone  
  128  8:33  SCV x2  
  133  8:37  Cyclone  
  133  8:38  Hellion x4  
  144  8:41  Supply Depot  
  144  8:43  SCV  
  144  8:45  SCV, Cyclone  
  144  9:00  Cyclone  
  145  9:05  Widow Mine x3  
  145  9:06  Hellion  
  145  9:09  Cyclone  
  156  9:10  Missile Turret  
  156  9:18  Cyclone  
  159  9:26  Hellion  
  159  9:27  Hellion  
  159  9:28  SCV x2  
  159  9:29  Planetary Fortress, SCV  
  165  9:32  Refinery  
  165  9:33  Missile Turret  
  165  9:36  Starport Reactor  
  165  9:38  Starport  
  165  9:40  Fusion Core  
  165  9:44  Cyclone x2  
  171  9:49  Factory x2  
  171  9:53  Refinery  
  171  9:54  SCV x2, Factory  
  171  9:56  Hellion x3  
  180  10:00  SCV  
  180  10:06  SCV x2  
  171  10:31  Cyclone x2  
  171  10:33  Hellion  
  160  10:36  Command Center  
  160  10:41  Missile Turret  
  134  10:45  Cyclone  
  134  10:46  Hellion  
  134  10:47  SCV, Hellion  
  139  10:52  Command Center  
  139  10:59  SCV  
  139  11:03  Cyclone  
  143  11:05  Cyclone  
  143  11:06  Factory Reactor, Factory Tech Lab x2  
  143  11:10  Hellion x4  
  154  11:13  Starport Tech Lab  
  154  11:17  Cyclone, Orbital Command  
  138  11:41  SCV x2  
  138  11:46  SCV  
  137  11:48  Cyclone x4  
  137  11:49  Widow Mine x2  
  137  11:50  Cyclone, Widow Mine  
  137  11:51  Hellion  
  137  11:53  SCV  
  137  11:54  SCV  
  162  11:58  SCV  
  163  12:05  SCV  
  163  12:06  SCV  
  119  12:18  SCV  
Tags
 
Add a new tag
Caveats
  • Supply blocks, unpowered buildings, or Contaminate may cause inaccurate times.
  • Supply counts are checked every 10 seconds.